[Event "Late-Titled-Tuesday-Blitz-September-19-2023"]
[Site "Chess.com"]
[Date "2023.09.19"]
[Round "9"]
[White "Djager97"]
[Black "azikom"]
[Result "1-0"]
[WhiteElo "2560"]
[BlackElo "2616"]
[TimeControl "180+1"]
[EndTime "15:44:34 PDT"]
[Termination "Djager97 won by checkmate"]

1. e4 c5 2. Nf3 d6 3. d4 cxd4 4.
Nxd4 Nf6 5. Nc3 a6 6. Bg5 Nbd7 7. Qe2 e6 8. O-O-O Be7 9. h4 Qc7 10. g4 b5 11. a3 Bb7 12. Bg2 Qc4 13. Qd2 b4 14.
axb4 Qxb4 15. Bxf6 Nxf6 16. g5 Nd7 17. f4 Nc5 18.
Rh3 Rb8 19. Nb3 Nxb3+ 20. cxb3 O-O 21. f5 Rfc8 22. f6 gxf6 23. Kb1 fxg5 24. hxg5 Rc5 25. Rdh1 Bxg5 26. Rg3 f6 27. Qxd6 Re8 28. Qd7 h6 29. Qxe8+ Kg7 30. Qe7+ Kg6 31. Qxe6 Re5 32. Qg8# 1-0

[Event "Late-Titled-Tuesday-Blitz-September-19-2023"]
[Site "Chess.com"]
[Date "2023.09.19"]
[Round "9"]
[White "ozates"]
[Black "JackRodgers"]
[Result "0-1"]
[WhiteElo "2590"]
[BlackElo "2533"]
[TimeControl "180+1"]
[EndTime "15:44:34 PDT"]
[Termination "JackRodgers won by resignation"]

1. e4 c5 2. Nf3 g6 3. c3 Bg7 4.
d4 cxd4 5. cxd4 d5 6. e5 Bg4 7.
Nc3 Nc6 8. Bb5 Rc8 9. h3 Bxf3 10. Qxf3 e6 11. O-O Ne7 12. Bg5 O-O 13. Rad1 h6 14.
Bxc6 Rxc6 15. Be3 Nf5 16. g4 Nxe3 17. Qxe3 Qa5 18. f4 b5 19. f5 b4 20. Ne2 exf5 21.
gxf5 gxf5 22. Rxf5 Qxa2 23. Kh1 Qxb2 24. Rg1 Rg6 25. Rff1 Qc2 26. Nf4 Rxg1+ 27. Rxg1 Qe4+ 28. Qxe4 dxe4 29. Nh5 a5 30. Nxg7 Kh7 31. d5 a4 32.
d6 b3 33. e6 fxe6 34. Nxe6 Rb8 35. d7 a3 36. Nc5 b2 37. Kh2 a2 38. Nxe4 b1=Q 39. Nf6+ Kh8 40. Rg7 0-1

[Event "Late-Titled-Tuesday-Blitz-September-19-2023"]
[Site "Chess.com"]
[Date "2023.09.19"]
[Round "9"]
[White "Nikachu"]
[Black "Nekoo04"]
[Result "0-1"]
[WhiteElo "2194"]
[BlackElo "2343"]
[TimeControl "180+1"]
[EndTime "15:44:38 PDT"]
[Termination "Nekoo04 won on time"]

1. e4 c5 2. Nf3 d6 3. d4 cxd4 4.
Nxd4 Nf6 5. Nc3 g6 6. Be3 Bg7 7. f3 Nc6 8. Qd2 O-O 9. O-O-O d5 10. exd5 Nxd5 11. Nxc6 bxc6 12. Bd4 e5 13. Bc5 Be6 14. h4 Rb8 15. Ne4 Re8 16. h5 f5 17. hxg6 fxe4 18. fxe4 Nf4 19. Qf2 Qg5 20. Kb1 hxg6 21. g3 Nh5 22.
Bh3 Qxg3 23. Bxe6+ Rxe6 24. Qe2 Qc3 25. Rd8+ Kf7 26. Rf1+ Nf4 27. Rxb8 Qxc5 28. Qg4 Re7 29. Qc8 Qe3 30. Qg8+ Kf6 31. Rd8 Qxe4 32. Rd6+ Kf5 33.
Qb3 Qg2 34. Rfd1 Bf6 0-1

[Event "Late-Titled-Tuesday-Blitz-September-19-2023"]
[Site "Chess.com"]
[Date "2023.09.19"]
[Round "9"]
[White "SCIM"]
[Black "Goryachkina"]
[Result "1-0"]
[WhiteElo "2583"]
[BlackElo "2675"]
[TimeControl "180+1"]
[EndTime "15:44:39 PDT"]
[Termination "SCIM won on time"]

1. e4 c6 2. d4 d5 3. e5 Bf5 4. Nc3 a6 5. g4 Bd7 6. Be3 e6 7. Qd2 Bb4 8. a3 Ba5 9. b4 Bc7 10. Nge2 a5 11. Rb1 axb4 12. axb4 Ne7 13. Nf4 b6 14.
Bd3 Ng6 15. Nh5 Rg8 16. Bg5 Qc8 17. f4 c5 18. bxc5 bxc5 19. f5 cxd4 20. fxg6 hxg6 21. Nxg7+ Rxg7 22. Nb5 Bxb5 23. Bxb5+ Kf8 24. O-O Bxe5 25. Rbe1 Bd6 26. Bh6 Kg8 27. Bxg7 Kxg7 28. Qxd4+ Kg8 29. Qf6 Ra7 30. Bd3 Qf8 31. Bxg6 Qg7 32. Qd8+ Qf8 33. Qf6 Qg7 34. Qd8+ 1-0

[Event "Late-Titled-Tuesday-Blitz-September-19-2023"]
[Site "Chess.com"]
[Date "2023.09.19"]
[Round "9"]
[White "DTChess"]
[Black "Schwindle"]
[Result "1-0"]
[WhiteElo "2532"]
[BlackElo "2415"]
[TimeControl "180+1"]
[EndTime "15:44:40 PDT"]
[Termination "DTChess won on time"]

1. e4 e6 2. d4 d5 3. Nc3 Nf6 4. e5 Nfd7 5. f4 c5 6. Nf3 Nc6 7. Be3 Be7 8. Qd2 O-O 9. Be2 f6 10. exf6 Nxf6 11. dxc5 Qa5 12. O-O-O Bxc5 13. Bxc5 Qxc5 14.
Bd3 Bd7 15. Rhe1 Rac8 16. g3 Nb4 17. a3 Nxd3+ 18. Qxd3 b5 19. Ne5 Be8 20. Qd4 Qc7 21.
Nf3 Ne4 22. Rd3 a5 23. Kb1 Bh5 24. Ne5 b4 25. Nxe4 Qxc2+ 26. Ka2 dxe4 27. Qxe4 Be8 28.
Rde3 Qc5 29. Rd1 Ba4 30. b3 Bb5 31. a4 Bc6 32. Qb1 Bd5 33. Re2 Qe7 34. Red2 Qe8 35. Kb2 Rc3 36. Rd3 Qc8 37. Rxc3 Qxc3+ 38. Ka2 Rc8 39. Qb2 Qxb2+ 40. Kxb2 g6 41. Rc1 Kg7 42. Rxc8 1-0

[Event "Late-Titled-Tuesday-Blitz-September-19-2023"]
[Site "Chess.com"]
[Date "2023.09.19"]
[Round "9"]
[White "VitaliyBernadskiy"]
[Black "Hikaru"]
[Result "0-1"]
[WhiteElo "2873"]
[BlackElo "3249"]
[TimeControl "180+1"]
[EndTime "15:44:42 PDT"]
[Termination "Hikaru won on time"]

1. e4 a6 2. d4 c6 3. Nf3 d5 4. e5 Bg4 5. Be2 e6 6. O-O c5 7. c3 Nc6 8. Be3 Nge7 9. dxc5 Bxf3 10. Bxf3 Nxe5 11. Be2 Nf5 12. Bd4 Nc6 13. Na3 e5 14. Bg4 exd4 15. Bxf5 Bxc5 16. Re1+ Kf8 17. cxd4 Bxd4 18.
Qf3 Qf6 19. Nc2 g6 20. Bg4 Bxb2 21. Rab1 Kg7 22. Qxd5 Rad8 23. Qb3 Be5 24. Bf3 Rd2 25. Ne3 Nd4 26. Qxb7 Nxf3+ 27. Qxf3 Qxf3 28. gxf3 Rxa2 29. Rb7 Bd4 30. Rd7 Bc5 31. Rc7 Bb6 32. Rb7 Bd8 33. Rd1 Bh4 34. Rf1 Rd8 35. Ng2 Bg5 36. f4 Bf6 37.
Ne3 Rdd2 38. f5 Bd4 39. fxg6 hxg6 40. Re7 a5 41. Re4 a4 42. Nc4 Rxf2 0-1

[Event "Late-Titled-Tuesday-Blitz-September-19-2023"]
[Site "Chess.com"]
[Date "2023.09.19"]
[Round "9"]
[White "ArtemDyachuk"]
[Black "filipluczak05"]
[Result "0-1"]
[WhiteElo "2703"]
[BlackElo "2609"]
[TimeControl "180+1"]
[EndTime "15:44:42 PDT"]
[Termination "filipluczak05 won on time"]

1. e4 g6 2. d4 Bg7 3. Nc3 c5 4. d5 a6 5. Be3 d6 6. Qd2 b5 7. h4 h5 8. a3 Nd7 9. Nf3 Ne5 10.
Nxe5 Bxe5 11. Be2 Bg7 12. Bf3 Nh6 13. e5 Ng4 14. exd6 exd6 15. Bg5 Bf6 16. Ne4 Bxg5 17. hxg5 Bf5 18. Ng3 Qd7 19. O-O-O O-O-O 20. Rh4 Ne5 21. Be2 Kb7 22. Rdh1 Rhe8 23. Rf4 Bg4 24. f3 Bf5 25. Nxf5 gxf5 26. Rfh4 Ng6 27. Rxh5 c4 28. f4 Re4 29. Bf3 Re7 30. Kb1 Rde8 31. Qd4 Re3 32. Rh7 R8e7 33. Bh5 R3e4 34. Qf6 Nxf4 35. Bxf7 Re1+ 36. Rxe1 Rxe1+ 37. Ka2 Ne2 38. b4 cxb3+ 39. cxb3 Nc1+ 40. Kb2 Nd3+ 41. Kc3 Qc7+ 42. Kxd3 Rd1+ 43. Ke3 Qc1+ 44.
Kf3 Rd3+ 0-1

[Event "Late-Titled-Tuesday-Blitz-September-19-2023"]
[Site "Chess.com"]
[Date "2023.09.19"]
[Round "9"]
[White "rikchessmx"]
[Black "santosalberto1987"]
[Result "0-1"]
[WhiteElo "2344"]
[BlackElo "2501"]
[TimeControl "180+1"]
[EndTime "15:44:44 PDT"]
[Termination "santosalberto1987 won by checkmate"]

1. e4 e6 2. d4 d5 3. Nc3 Nf6 4. Bg5 Bb4 5. e5 h6 6. Bd2 Bxc3 7. bxc3 Ne4 8. Qg4 Kf8 9. Bd3 Nxd2 10. Kxd2 c5 11. h4 Nc6 12. Rh3 c4 13. Rg3 cxd3 14.
Qxg7+ Ke7 15. Qf6+ Kd7 16. Qxf7+ Qe7 17. Qh5 dxc2 18. Ne2 Rf8 19. f4 Qh7 20. Rg6 Ne7 21.
Rxh6 Qe4 22. Rf6 Rg8 23. g4 Qf3 24. Qf7 Kd8 25. g5 Bd7 26. h5 Bb5 27. c4 Bxc4 28. Nc1 Qd1+ 29. Kc3 Rc8 30. Rxe6 Qe1+ 31. Kb2 Re8 32.
Rd6+ Kc7 33. Nb3 Qe2 34. Rc1 Bxb3 35. axb3 Kb8 36. Rd7 Qd2 37. Rxe7 Qxd4+ 38. Ka2 Rxe7 39. Qxe7 Qxf4 40. Qd6+ Ka8 41. Qd7 Kb8 42. e6 Qxc1 43. e7 Qb1+ 44. Ka3 c1=Q+ 45. Kb4 Qd2+ 46. Kb5 Qxb3# 0-1

[Event "Late-Titled-Tuesday-Blitz-September-19-2023"]
[Site "Chess.com"]
[Date "2023.09.19"]
[Round "9"]
[White "IgorBjelobrk"]
[Black "Verony64"]
[Result "1-0"]
[WhiteElo "2673"]
[BlackElo "2291"]
[TimeControl "180+1"]
[EndTime "15:44:47 PDT"]
[Termination "IgorBjelobrk won by checkmate"]

1. d4 d5 2. c4 c6 3. Nf3 Nf6 4. Qc2 g6 5. cxd5 cxd5 6. Bf4 Nc6 7. e3 Bg7 8. Nc3 O-O 9. Be2 Bf5 10. Qb3 b6 11.
O-O Na5 12. Qd1 Rc8 13. Rc1 Nc4 14. b3 Nd6 15. Ne5 h6 16. Ba6 Rc7 17. Qe2 g5 18.
Bg3 Nde4 19. Nxe4 Nxe4 20. Nc6 Nxg3 21. fxg3 Qd7 22. Nxe7+ Qxe7 23. Rxc7 Qxc7 24. Rxf5 Re8 25. Rxd5 Qc1+ 26. Kf2 Re6 27. Bd3 Bxd4 28. Rxd4 Rf6+ 29.
Rf4 gxf4 30. gxf4 Qc6 31. a4 Qe6 32. Bc4 Qe4 33. Qd3 Qxd3 34. Bxd3 a5 35. g3 Rd6 36.
Ke2 Kg7 37. e4 f6 38. Ke3 Rc6 39. Bc4 Kf8 40. Kd4 Ke7 41. g4 Rc8 42. h3 Rd8+ 43. Bd5 Rh8 44. e5 fxe5+ 45. Kxe5 h5 46. g5 h4 47. f5 Rc8 48. f6+ Kf8 49. g6 Re8+ 50.
Be6 Rd8 51. g7+ Ke8 52. g8=Q# 1-0

[Event "Late-Titled-Tuesday-Blitz-September-19-2023"]
[Site "Chess.com"]
[Date "2023.09.19"]
[Round "9"]
[White "Hirna2005"]
[Black "Cipy77"]
[Result "1/2-1/2"]
[WhiteElo "2385"]
[BlackElo "2493"]
[TimeControl "180+1"]
[EndTime "15:44:48 PDT"]
[Termination "Game drawn by repetition"]

1. e4 c5 2. c3 Nf6 3. e5 Nd5 4. Nf3 e6 5. d4 Nc6 6. a3 cxd4 7. cxd4 d6 8. Bd3 dxe5 9. dxe5 Be7 10. O-O O-O 11.
Qe2 b6 12. Bd2 Qc7 13. Nc3 Rd8 14. Rac1 Bd7 15. Nxd5 exd5 16. Rfe1 Qb7 17. Bg5 Be6 18. Bb1 Nd4 19. Nxd4 Bxg5 20. Rc3 g6 21. Nxe6 fxe6 22.
Qg4 Qe7 23. f4 Bh6 24. Rc6 Re8 25. Rec1 Rad8 26. h4 d4 27. Ba2 Kh8 28. Rxe6 Qf8 29. Rxe8 Rxe8 30. g3 Rxe5 31. fxe5 Bxc1 32. Qxd4 h5 33.
e6+ Kh7 34. Qc3 Bh6 35. Bb1 Qd6 36. Qf6 Qxg3+ 37. Kf1 Qh3+ 38. Ke2 Qe3+ 39. Kf1 Qc1+ 40. Kg2 Qxb1 41. Qf7+ Bg7 42. e7 Qxb2+ 43. Kf3 Qxa3+ 44. Kf2 Qb2+ 45. Kf3 Qc3+ 46. Kf2 Qd2+ 47. Kf3 Qd3+ 48. Kf2 Qd4+ 49. Kf3 Qc3+ 50. Kf2 Qd2+ 51. Kf3 Qd1+ 52. Kf2 Qd2+ 1/2-1/2

[Event "Late-Titled-Tuesday-Blitz-September-19-2023"]
[Site "Chess.com"]
[Date "2023.09.19"]
[Round "9"]
[White "reevecanada"]
[Black "Abund"]
[Result "0-1"]
[WhiteElo "2533"]
[BlackElo "2777"]
[TimeControl "180+1"]
[EndTime "15:44:53 PDT"]
[Termination "Abund won by checkmate"]

1. e4 e5 2. Nf3 Nc6 3. d4 exd4 4.
Nxd4 Nf6 5. Nxc6 bxc6 6. Nd2 d5 7. exd5 cxd5 8. Bb5+ Bd7 9. Bxd7+ Qxd7 10. O-O Be7 11. b3 O-O 12. Bb2 Rfe8 13. Qf3 Ng4 14. h3 Bf6 15. Bxf6 Nxf6 16. c4 c6 17. Rad1 h6 18.
cxd5 cxd5 19. Nc4 Rad8 20. Rd4 Re4 21. Rfd1 Rxd4 22. Rxd4 Qb5 23. Ne3 Qc5 24. Qd1 Qa5 25. a4 Qc5 26. b4 Qc6 27. a5 Qb5 28. g3 g6 29. Qf3 Kg7 30. Qf4 Qc6 31. Qe5 Re8 32.
Qf4 a6 33. Qf3 Re4 34. Qd1 Qe6 35. Kh2 Qe5 36. Rxe4 Qxe4 37. Nc2 Qc4 38. Qd2 h5 39. Nd4 Ne4 40. Qb2 Nc3 41. b5 Qxd4 42. b6 Nb5 43. Qc2 Nd6 44. Kg2 Qe4+ 45. Qxe4 dxe4 46. f3 Nb7 47. fxe4 Kf6 48. Kf3 Ke5 49. Ke3 Nxa5 50. Kd3 Kd6 51. Kd4 Nb7 52. Kc4 Kc6 53. Kd4 a5 54. Ke5 a4 55. Kf6 Nd8 56. Ke7 a3 57. Kxd8 Kxb6 58. Ke7 a2 59. Kxf7 a1=Q 60. Kxg6 Qe5 61. g4 h4 62. g5 Qxe4+ 63. Kh5 Qf5 64. Kxh4 Kc6 65. g6 Kd6 66. g7 Qh7+ 67. Kg5 Qxg7+ 68.
Kh4 Ke5 69. Kh5 Kf5 70. Kh4 Qg5# 0-1

[Event "Late-Titled-Tuesday-Blitz-September-19-2023"]
[Site "Chess.com"]
[Date "2023.09.19"]
[Round "9"]
[White "queen_iryna"]
[Black "midedu"]
[Result "1-0"]
[WhiteElo "2385"]
[BlackElo "2066"]
[TimeControl "180+1"]
[EndTime "15:44:54 PDT"]
[Termination "queen_iryna won on time"]

1. e4 c5 2. Nf3 Nc6 3. Bb5 g6 4. Bxc6 dxc6 5. d3 Bg7 6. Nc3 e5 7. Be3 b6 8. Qd2 h6 9. h3 Qc7 10. O-O Nf6 11. a3 a5 12. b4 axb4 13. axb4 Rxa1 14.
Rxa1 cxb4 15. Ne2 c5 16. c3 bxc3 17. Qxc3 Nd7 18. d4 exd4 19. Bxd4 Bxd4 20. Nexd4 O-O 21. Nc2 Bb7 22. Nd2 Re8 23. Ne3 b5 24. Ng4 Qf4 25. Ra7 Rb8 26. g3 b4 27. Qb2 Qg5 28. Nf3 Qe7 29.
Nxh6+ Kh7 30. Ng4 c4 31. h4 c3 32. Qb3 Kg7 33. Ng5 Nc5 34. Qxb4 f6 35. Qxc3 Nxe4 36.
Nxe4 Qxe4 37. Qxf6+ Kg8 38. f3 Qxf3 39. Qxf3 Bxf3 40.
Ne5 Be4 41. Kf2 1-0

[Event "Late-Titled-Tuesday-Blitz-September-19-2023"]
[Site "Chess.com"]
[Date "2023.09.19"]
[Round "9"]
[White "gabduschew"]
[Black "Arimin1329"]
[Result "1-0"]
[WhiteElo "2367"]
[BlackElo "2272"]
[TimeControl "180+1"]
[EndTime "15:44:55 PDT"]
[Termination "gabduschew won by resignation"]

1. g3 g6 2. Bg2 Bg7 3. d3 d6 4.
c4 c5 5. Nc3 Nc6 6. a3 e6 7. e4 Nge7 8. Nge2 O-O 9. Rb1 b6 10.
b4 Bb7 11. O-O Rc8 12. Be3 e5 13. bxc5 dxc5 14. Nd5 Nxd5 15. exd5 Nd4 16. Nxd4 exd4 17. Bf4 Re8 18. a4 Be5 19. Bxe5 Rxe5 20. a5 Rb8 21. axb6 axb6 22. Re1 Qd6 23. Rxe5 Qxe5 24. Rxb6 Bc8 25. Rxb8 Qxb8 26. h3 Qe5 27. Qf3 Kg7 28. Qe4 Qd6 29. g4 f5 30. Qf3 Qe5 31. g5 Bd7 32. h4 Ba4 33. Bf1 Qe1 34. Qe2 Qxe2 35. Bxe2 Kf7 36. f4 Ke7 37. Kf1 Kd6 38. Ke1 Bd7 39.
Bd1 Bc8 40. Kd2 Bd7 41. Kc1 Be8 42. Kb2 Kc7 43. Ka3 Kb6 44. Ba4 Bf7 45. Bd7 Kc7 46. Bb5 Kb6 47. Ka4 Bg8 48. Be8 Ka6 49. d6 Kb6 50. d7 Kc7 51. Kb5 Kd8 52. Kxc5 h5 1-0

[Event "Late-Titled-Tuesday-Blitz-September-19-2023"]
[Site "Chess.com"]
[Date "2023.09.19"]
[Round "9"]
[White "jefferyx"]
[Black "IlanSchnaider"]
[Result "1-0"]
[WhiteElo "3000"]
[BlackElo "2760"]
[TimeControl "180+1"]
[EndTime "15:44:57 PDT"]
[Termination "jefferyx won on time"]

1. c4 Nf6 2. Nc3 g6 3. e4 e5 4. g3 Bg7 5. Bg2 O-O 6. Nge2 d6 7. O-O Nc6 8. d3 Nd7 9. f4 a5 10. f5 Nc5 11. Nd5 f6 12. Be3 Bd7 13. Qd2 Nb4 14. Nxb4 axb4 15. Qxb4 Nxd3 16. Qxb7 Kh8 17. Qb3 Nc5 18. Qc2 Qe8 19. Nc3 Bc6 20. b4 Na4 21.
Nd5 Qd7 22. Rad1 Nb6 23. Nxb6 cxb6 24. b5 Bb7 25. Bxb6 Rfc8 26. a4 gxf5 27. c5 Bxe4 28. Bxe4 fxe4 29. Qxe4 f5 30. Rxf5 Rxa4 31. Qxa4 Qxf5 32.
cxd6 Qd7 33. Qa7 Qg4 34. Rf1 Rf8 35. Ra1 e4 36. d7 Bxa1 37. Qxa1+ Kg8 38. d8=Q Rxd8 39. Bxd8 e3 40. Bb6 Qf3 41. Qe1 e2 42. Bf2 Qd3 43. b6 Qd1 44. b7 Qb3 45. Qxe2 Qxb7 46.
Qe8+ Kg7 47. Bd4+ Kh6 48. Qe6+ Kh5 49. Qf5+ Kh6 50. Qf6+ Kh5 51. Qh4+ Kg6 52. Qg4+ 1-0

[Event "Late-Titled-Tuesday-Blitz-September-19-2023"]
[Site "Chess.com"]
[Date "2023.09.19"]
[Round "9"]
[White "sergiochess83"]
[Black "Arteler"]
[Result "1-0"]
[WhiteElo "2897"]
[BlackElo "2578"]
[TimeControl "180+1"]
[EndTime "15:44:57 PDT"]
[Termination "sergiochess83 won by resignation"]

1. d4 d5 2. c4 c6 3. Nf3 Nf6 4. Nc3 a6 5. Ne5 b5 6. cxd5 cxd5 7. Bf4 e6 8. e3 Be7 9. Bd3 Bb7 10. O-O Nbd7 11. Rc1 Nxe5 12. Bxe5 O-O 13. Nb1 Rc8 14. Rxc8 Qxc8 15. Nd2 Ne4 16. Nb3 f6 17. Bf4 b4 18.
Qe2 g5 19. Bg3 Nxg3 20. hxg3 Qd7 21. Bxa6 Ra8 22. Bxb7 Qxb7 23. f4 h6 24. Rc1 Rxa2 25. Nc5 Bxc5 26. Rxc5 Kg7 27. Qc2 Ra7 28. Rc6 Qf7 29.
Kf2 Rb7 30. Qc5 Qe7 31. b3 Qxc5 32. Rxc5 Kg6 33. g4 Kf7 34. f5 Rb6 35. Rc7+ Kf8 36.
Kf3 e5 37. dxe5 fxe5 38. e4 dxe4+ 39. Kxe4 Rd6 40. Kxe5 Rd3 41. Kf6 Rd6+ 42. Ke5 Rd3 43. Rb7 Rxb3 44. Kf6 Ke8 45. Kg7 Rg3 46. f6 1-0

[Event "Late-Titled-Tuesday-Blitz-September-19-2023"]
[Site "Chess.com"]
[Date "2023.09.19"]
[Round "9"]
[White "Mesa_1"]
[Black "SaqoChess_Twitch"]
[Result "1-0"]
[WhiteElo "2609"]
[BlackElo "2663"]
[TimeControl "180+1"]
[EndTime "15:45:00 PDT"]
[Termination "Mesa_1 won by checkmate"]

1. e4 c5 2. Nf3 d6 3. d4 cxd4 4.
Nxd4 Nf6 5. Nc3 g6 6. Be3 Bg7 7. f3 O-O 8. Qd2 Nc6 9. O-O-O d5 10. exd5 Nxd5 11. Nxc6 bxc6 12. Bd4 e5 13. Bc5 Be6 14. Ne4 Re8 15. h4 h6 16. Bc4 Qc7 17. h5 g5 18.
g4 Red8 19. Bb3 Nf4 20. Qe3 Bd5 21. Ng3 e4 22. Nxe4 Bxb3 23. axb3 Qe5 24. c3 Qe6 25.
Kc2 Rd5 26. Ng3 Re5 27. Ne4 a5 28. Rd6 Qe8 29. Rhd1 Nd5 30. Qd2 a4 31. bxa4 Rxe4 32. fxe4 Qxe4+ 33. Kc1 Rxa4 34. Rd8+ Kh7 35. Qc2 f5 36. Qxe4 fxe4 37. Rd7 Kg8 38. Kc2 Bf8 39. Bxf8 Ne3+ 40. Kb3 Ra8 41. Re1 Nxg4 42. Bb4 Rb8 43. Kc2 e3 44. Rd6 Rc8 45. Rg6+ Kf7 46. Rf1+ Nf2 47.
Bc5 Ke8 48. Bxe3 Ng4 49. Bd4 Kd7 50. Rf7+ Ke8 51. Rh7 Nf6 52. Bxf6 Kf8 53. Rgg7 c5 54. Rh8# 1-0

[Event "Late-Titled-Tuesday-Blitz-September-19-2023"]
[Site "Chess.com"]
[Date "2023.09.19"]
[Round "9"]
[White "GeorgiosSouleidis"]
[Black "karinachess1"]
[Result "0-1"]
[WhiteElo "2510"]
[BlackElo "2615"]
[TimeControl "180+1"]
[EndTime "15:45:05 PDT"]
[Termination "karinachess1 won on time"]

1. e4 e5 2. Nc3 Nf6 3. d4 exd4 4. Qxd4 Nc6 5. Qd3 d6 6. Bg5 Be7 7. O-O-O O-O 8. h4 Be6 9. f3 a6 10. Kb1 b5 11. Nh3 Ne5 12. Qd2 b4 13. Nd5 Nxd5 14.
exd5 Bf5 15. Be2 a5 16. g4 Bd7 17. h5 Rb8 18. Rhg1 f6 19. Be3 Bb5 20. Nf4 Qd7 21. Ne6 Rf7 22. b3 Bxe2 23. Qxe2 c6 24. Nf4 cxd5 25. Nxd5 Bf8 26. f4 Nc6 27. Qc4 Kh8 28. Bc1 Qb7 29. h6 Rc8 30. Qd3 gxh6 31. Bb2 Bg7 32. Rh1 Ne7 33. Nxe7 Rxe7 34. Qxd6 Qc7 35.
Qxc7 Rexc7 36. Rh2 f5 37. gxf5 Rf8 38. Rxh6 Bxb2 39. Kxb2 Rxf5 40. Rd4 Kg7 41. Rhd6 h5 42. R6d5 Rcf7 43. Rd6 h4 44. Rd2 Rxf4 45. Rg2+ Kh7 46. Rh2 R7f5 47. Re2 h3 48. Re7+ Rf7 0-1

[Event "Late-Titled-Tuesday-Blitz-September-19-2023"]
[Site "Chess.com"]
[Date "2023.09.19"]
[Round "9"]
[White "sergeikim"]
[Black "Nathan_Filgueiras"]
[Result "0-1"]
[WhiteElo "2594"]
[BlackElo "2522"]
[TimeControl "180+1"]
[EndTime "15:45:05 PDT"]
[Termination "Nathan_Filgueiras won on time"]

1. d4 Nf6 2. c4 e6 3. Nc3 Bb4 4. Qc2 O-O 5. a3 Bxc3+ 6. Qxc3 b6 7. Nf3 Bb7 8. g3 d5 9. Bg2 dxc4 10. Qxc4 Nbd7 11. O-O c5 12. Rd1 Qe7 13. Bf4 Rfd8 14. dxc5 Nxc5 15. b4 Bd5 16. Qc3 Nce4 17. Qb2 Rac8 18. Rac1 Qb7 19. Be5 Ne8 20. Nd4 N4f6 21.
Bxf6 Nxf6 22. f3 Rxc1 23. Rxc1 b5 24. Nb3 Bc4 25. Na5 Qd5 26. e4 Qd3 27. Nxc4 bxc4 28.
Qc3 h5 29. Bf1 Qd6 30. Qxc4 h4 31. Qc5 Qd2 32. Qc3 Qg5 33. f4 Qg4 34. Bg2 hxg3 35. hxg3 Qe2 36. Qf3 Qd2 37. Qc3 Qe2 38. Re1 Qa2 39. Ra1 Qe2 40. Qf3 Qb2 41. Re1 Rd2 42.
Bf1 Qd4+ 43. Qe3 Qb2 44. Re2 Rxe2 45. Bxe2 Qa1+ 0-1

[Event "Late-Titled-Tuesday-Blitz-September-19-2023"]
[Site "Chess.com"]
[Date "2023.09.19"]
[Round "9"]
[White "nihalsarin"]
[Black "dropstoneDP"]
[Result "1-0"]
[WhiteElo "3133"]
[BlackElo "3051"]
[TimeControl "180+1"]
[EndTime "15:45:06 PDT"]
[Termination "nihalsarin won on time"]

1. d4 d5 2. Nf3 Nf6 3. c3 Bf5 4. Qb3 Qc8 5. c4 e6 6. cxd5 exd5 7. Nc3 c6 8. Bf4 Be7 9. e3 O-O 10. h3 a5 11. Be2 Nbd7 12. O-O b5 13. Rac1 a4 14.
Qd1 a3 15. b3 Qb7 16. Bd3 Bxd3 17. Qxd3 b4 18. Ne2 Ne4 19. Rc2 c5 20. Rfc1 Rac8 21.
dxc5 Ndxc5 22. Qd1 Ne6 23. Be5 Rxc2 24. Qxc2 Bc5 25.
Nd2 Rd8 26. Nxe4 dxe4 27. Nf4 Nxf4 28. Bxf4 Bf8 29. Be5 Rd3 30. Bd4 Qd7 31. Qc6 Rd1+ 32. Kh2 Qd6+ 33. g3 Qxc6 34. Rxc6 Rd2 35. Rc8 Rxf2+ 36.
Kg1 Rxa2 37. Bc5 h6 38. Rxf8+ Kh7 39. Rxf7 Rd2 40. Bd4 a2 41. Rxg7+ Kh8 42. Ra7+ Kg8 43. g4 Kf8 44. h4 Ke8 45. g5 hxg5 46. hxg5 Kf8 47.
g6 1-0

[Event "Late-Titled-Tuesday-Blitz-September-19-2023"]
[Site "Chess.com"]
[Date "2023.09.19"]
[Round "9"]
[White "kuli4ik"]
[Black "FairChess_on_YouTube"]
[Result "1/2-1/2"]
[WhiteElo "2964"]
[BlackElo "3074"]
[TimeControl "180+1"]
[EndTime "15:45:06 PDT"]
[Termination "Game drawn - insufficient material"]

1. Nf3 b5 2. g3 Bb7 3. Bg2 Nf6 4. O-O g6 5. b3 Bg7 6. Bb2 O-O 7. c4 bxc4 8. bxc4 Na6 9. d3 Rb8 10. Bc3 c5 11. Qa4 d6 12. Nbd2 Qd7 13. Qxd7 Nxd7 14. Bxg7 Kxg7 15. Rfb1 Bc6 16. Ne1 Ne5 17. Rb3 Rb6 18. f4 Bxg2 19. fxe5 Bc6 20. exd6 exd6 21. Rxb6 axb6 22. Rb1 Rb8 23. Nc2 d5 24. cxd5 Bxd5 25. a3 b5 26. Kf2 f5 27. Ne3 Be6 28. h4 Kf6 29. Nc2 b4 30. axb4 cxb4 31. Nd4 Bf7 32.
Rc1 Rb6 33. Nc4 Bxc4 34. Rxc4 Ke5 35. Nb3 Kd6 36. Ke3 Nc7 37. Kd2 Ne6 38. e4 fxe4 39.
dxe4 Nd8 40. Rd4+ Ke7 41. Kd3 Nc6 42. Rd5 Ra6 43. Kc4 Ra2 44. Kb5 Ra3 45. Rd3 Ne5 46. Kxb4 Nxd3+ 47. Kxa3 Kd6 48. Nd2 Ke5 49. Nf3+ Kxe4 50.
Ng5+ Kf5 51. Nxh7 Kg4 52. Nf8 Ne5 53. Nxg6 Nxg6 54. Kb4 Nxh4 55. gxh4 Kxh4 1/2-1/2

[Event "Late-Titled-Tuesday-Blitz-September-19-2023"]
[Site "Chess.com"]
[Date "2023.09.19"]
[Round "9"]
[White "Heinza9"]
[Black "arminmusovic"]
[Result "0-1"]
[WhiteElo "2302"]
[BlackElo "2501"]
[TimeControl "180+1"]
[EndTime "15:45:06 PDT"]
[Termination "arminmusovic won by resignation"]

1. e4 c5 2. Nf3 Nf6 3. e5 Nd5 4. c4 Nc7 5. Nc3 Nc6 6. Bd3 d6 7. exd6 exd6 8. O-O Be7 9. h3 O-O 10. Re1 h6 11. Be4 Be6 12. Nd5 Bxd5 13. cxd5 Nb8 14. d4 Nd7 15. Bf4 cxd4 16. Nxd4 Nf6 17. Nf5 Re8 18. Nxe7+ Rxe7 19. Qd3 Qe8 20. f3 Ncxd5 21. Bxd6 Re6 22. Bg3 Rd8 23. Rad1 Rd7 24. Bf5 Rxe1+ 25. Rxe1 Re7 26. Rxe7 Nxe7 27. Be4 Nxe4 28. Qxe4 Qd7 29.
Bf2 Nc6 30. Kh2 Qe6 31. Qa4 Qe5+ 32. Kg1 Qxb2 33. Bxa7 Qb1+ 34. Kh2 f5 35. Be3 Kh7 36. a3 Qd3 37. Bf4 g5 38. Bc7 Qd7 39. Bb6 Kg6 40. Qc4 Qf7 41. Qd3 Qe6 42. a4 Ne5 43.
Qd4 Nd7 44. Bc7 h5 45. Bd6 h4 46. a5 Kf7 47. f4 g4 48. hxg4 fxg4 49. Be5 g3+ 50.
Kg1 Nxe5 51. fxe5 Qf5 52. Qd5+ Kg6 53. Qd6+ Kh5 54. Qd1+ Kg5 55. Qd2+ Kg6 56. Qe2 Qb1+ 57. Qf1 Qxf1+ 58. Kxf1 Kf5 59. Ke2 Kxe5 60. Kf3 Kf5 61. Ke3 Kg4 0-1

[Event "Late-Titled-Tuesday-Blitz-September-19-2023"]
[Site "Chess.com"]
[Date "2023.09.19"]
[Round "9"]
[White "maciek_92"]
[Black "hansen"]
[Result "1-0"]
[WhiteElo "2761"]
[BlackElo "2915"]
[TimeControl "180+1"]
[EndTime "15:45:09 PDT"]
[Termination "maciek_92 won on time"]

1. c4 e5 2. g3 Nf6 3. Bg2 d5 4. cxd5 Nxd5 5. Nc3 Nb6 6. e3 g6 7. Nge2 Bg7 8. f4 exf4 9. Nxf4 O-O 10. O-O c5 11. a4 Na6 12. a5 Nc4 13. Qa4 Nd6 14.
Nfd5 Bd7 15. Qf4 Bc6 16. e4 Nc4 17. d3 Ne5 18. Rd1 Nb4 19. Nxb4 Qd4+ 20. Be3 Qxb4 21.
Nd5 Bxd5 22. exd5 Qb5 23. Qa4 Qxb2 24. Rab1 Qe2 25. Bxc5 Nxd3 26. Qc4 Rfc8 27. Qxd3 Qxd3 28. Rxd3 Rxc5 29. d6 Rd8 30. Rxb7 Rxa5 31. Bd5 Bf8 32. Bxf7+ Kh8 33. d7 Kg7 34. Be8 Bc5+ 35. Kg2 Bb6 36. Rc3 Rc5 37. Rxc5 Bxc5 38. Rc7 Bb6 39. Rc8 Kf6 40.
Kf3 Ke7 41. Ke4 Bg1 42. h3 Bh2 43. g4 Bg1 44. Kd5 g5 45. Kc6 h6 46. Kb7 Bb6 47.
Rc6 Be3 48. Rxh6 Bf2 49. Rg6 Be3 50. Ka6 Bd2 51. Rg7+ Kf6 52. Rf7+ Ke6 53. Kxa7 Be3+ 54. Kb7 1-0